 Dungeon Crawl Stone Soup version 0.28.0-53-g5a82cb258f (webtiles) character file.

Game seed: 6415101746260684085

224 0gre the Chiller (level 6, -7/44 HPs)
             Began as a Gnoll Ice Elementalist on June 13, 2022.
             Mangled by Crazy Yiuf
             ... wielding a +2 quarterstaff of chaos
              (14 damage)
             ... on level 3 of the Dungeon.
             The game lasted 00:11:08 (3537 turns).

0gre the Chiller (Gnoll Ice Elementalist)           Turns: 3537, Time: 00:11:10

Health: -7/44      AC:  2    Str:  7    XL:     6   Next: 0%
Magic:  3/13       EV: 13    Int: 16    God:
Gold:   36         SH:  0    Dex: 13    Spells: 11/15 levels left

rFire   . . .      SeeInvis .   a - +0 rapier
rCold   . . .      Faith    .   (no shield)
rNeg    . . .      Spirit   .   d - +0 robe
rPois   .          Reflect  .   (no helmet)
rElec   .          Harm     .   (no cloak)
rCorr   .          Rampage  .   (no gloves)
Will    .....                   (no boots)
Stlth   +++.......              (no amulet)
HPRegen 0.14/turn               (no ring)
MPRegen 0.13/turn               (no ring)

@: no status effects
A: fangs 1, strong nose, distributed training
a: no special abilities


You were on level 3 of the Dungeon.
You visited 1 branch of the dungeon, and saw 3 of its levels.

You collected 114 gold pieces.
You spent 78 gold pieces at shops.

Inventory:

Hand Weapons
 a - a +0 rapier (weapon)
Missiles
 c - 118 arrows
 f - 25 stones
 h - 14 bolts
 m - 5 poisoned darts (quivered)
Armour
 d - a +0 robe (worn)
 q - the +1 ring mail of Action {Contam rPois Str+4}
   (You found it on level 3 of the Dungeon)

   Str:       It affects your strength (+4).
   rPois:     It protects you from poison.
   Contam:    It causes magical contamination when unequipped.
Wands
 o - a wand of acid (3)
 s - a wand of flame (13)
Scrolls
 i - a scroll of noise {unknown}
 k - a scroll of identify {unknown}
 n - a scroll of immolation {unknown}
 r - a scroll of enchant armour {unknown}
 t - a scroll of brand weapon {unknown}
Potions
 b - a potion of mutation {unknown}
 e - 2 potions of curing {unknown}
 g - 2 potions of resistance {unknown}
 j - 2 potions of haste {unknown}
 l - a potion of invisibility {unknown}
 p - a potion of heal wounds


   Skills:
 + Level 1.7 Fighting
 + Level 1.7 Short Blades
 + Level 1.7 Long Blades
 + Level 1.7 Axes
 + Level 1.7 Maces & Flails
 + Level 1.7 Polearms
 + Level 1.7 Staves
 + Level 1.7 Slings
 + Level 1.7 Bows
 + Level 1.7 Crossbows
 + Level 1.7 Throwing
 + Level 1.7 Armour
 + Level 4.9 Dodging
 + Level 4.5 Stealth
 + Level 1.7 Shields
 + Level 1.7 Unarmed Combat
 + Level 5.2 Spellcasting
 + Level 1.3 Conjurations
 + Level 1.3 Hexes
 + Level 1.3 Summonings
 + Level 1.3 Necromancy
 + Level 1.3 Translocations
 + Level 1.3 Transmutations
 + Level 1.3 Fire Magic
 + Level 7.2 Ice Magic
 + Level 1.3 Air Magic
 + Level 1.3 Earth Magic
 + Level 1.3 Poison Magic
 + Level 1.9 Invocations
 + Level 1.7 Evocations


You had 11 spell levels left.
You knew the following spells:

 Your Spells              Type           Power      Damage    Failure   Level
a - Freeze                Ice            100%       1d11      1%          1
b - Frozen Ramparts       Ice            54%        1d7       2%          3

Your spell library contained the following spells:

 Spells                   Type           Power      Damage    Failure   Level
 Ozocubu's Armour         Ice            27%        N/A       2%          3
 Conjure Flame            Conj/Fire      8%         6-21      26%         3
 Ignite Poison            Fire/Tmut/Pois 8%         N/A       26%         3
 Hailstorm                Conj/Ice       18%        3d6       26%         4
 Sticky Flame             Conj/Fire      8%         2d3       63%         4


Dungeon Overview and Level Annotations

Branches:
Dungeon (3/15)

Altars:

Shops:
D:1 !

Annotations:
D:3 Crazy Yiuf


Innate Abilities, Weirdness & Mutations

You have very sharp teeth.
Your uncanny sense of smell can sniff out nearby items.
Your experience applies equally to all skills.


Message History

You hit the giant cockroach.
The giant cockroach is heavily wounded.
The giant cockroach misses you.
You hit the giant cockroach.
The giant cockroach is severely wounded.
The giant cockroach closely misses you. The giant cockroach barely misses you.
You closely miss the giant cockroach.
The giant cockroach is severely wounded.
The giant cockroach barely misses you.
You hit the giant cockroach.
You kill the giant cockroach!
t - a scroll labelled SINUPH WYCABOSO You pick up an Everburning Encyclopedia and begin reading...
You add the spells Conjure Flame, Ignite Poison and Sticky Flame to your library.
Okay, then.
You now have 36 gold pieces (gained 12).
You open the door.
Found a mace.
Found a runed translucent door.
Casting: Frozen Ramparts (dangerous; 2% risk of failure)
Confirm with . or Enter, or press ? or * to list all spells.
Casting: Frozen Ramparts (dangerous; 2% risk of failure)
Press: ? - help, Dir - look around, f - activate The walls around you are covered in ice.
You open the door.
The wall freezes Crazy Yiuf.
You completely miss Crazy Yiuf.
Crazy Yiuf is moderately wounded.
The frozen ramparts melt away.
Crazy Yiuf hits you with a +2 quarterstaff of chaos.
You hit Crazy Yiuf but do no damage. You punch Crazy Yiuf, but do no damage.
You bite Crazy Yiuf, but do no damage.
Crazy Yiuf is moderately wounded.
Crazy Yiuf hits you with a +2 quarterstaff of chaos!
Crazy Yiuf burns you.
You completely miss Crazy Yiuf.
Crazy Yiuf is moderately wounded.
Crazy Yiuf hits you with a +2 quarterstaff of chaos!
* * * LOW HITPOINT WARNING * * *
You feel your power leaking away.
Crazy Yiuf hits you with a +2 quarterstaff of chaos!
You die...

#....#......# #...........#
#.#.......#.####...........####
#.........†................'...
####..################.....####
#.## ####...... #.# #......
#.#### ### #...... #....###
###..)# #......
#....PP####@g...# ####......
##....P.#..##...# #.........
##..P.#.### ### #.....####
######## #.....# #.....# #####
##.....# #...###......####
#........###.##.. #........#
#.##..


You could see Crazy Yiuf.

Vanquished Creatures
  A hound (D:3)
  Ijyb (D:3)
  Terence (D:3)
  A gnoll (D:1)
  4 adders
  A worm (D:3)
  2 dart slugs
  4 orcs (D:3)
  3 bats
  8 endoplasms
  10 giant cockroaches
  4 goblins
  7 hobgoblins
  5 jackals (D:1)
  6 kobolds
  A quokka (D:1)
  11 ball pythons
  2 frilled lizards
  10 rats
82 creatures vanquished.

Vanquished Creatures (others)
  A fungus (D:3)
1 creature vanquished.

Grand Total: 83 creatures vanquished

Notes
Turn   | Place    | Note
-------+----------+-------------------------------------------
     0 | D:1      | 0gre the Gnoll Ice Elementalist began the quest for the
                  | Orb.
     0 | D:1      | Reached XP level 1. HP: 13/13 MP: 6/6
     1 | D:1      | Found a runed translucent door.
   114 | D:1      | Reached XP level 2. HP: 19/19 MP: 7/7
   114 | D:1      | Found Pum Qefax's Distillery.
   120 | D:1      | Found a faded altar of an unknown god.
   624 | D:1      | Reached skill level 5 in Spellcasting
   624 | D:1      | Reached XP level 3. HP: 15/25 MP: 4/9
   628 | D:1      | Learned a level 3 spell: Frozen Ramparts
  1314 | D:1      | Reached skill level 1 in Invocations
  1523 | D:1      | Reached skill level 1 in Fighting
  1523 | D:1      | Reached skill level 1 in Short Blades
  1523 | D:1      | Reached skill level 1 in Long Blades
  1523 | D:1      | Reached skill level 1 in Axes
  1523 | D:1      | Reached skill level 1 in Maces & Flails
  1523 | D:1      | Reached skill level 1 in Polearms
  1523 | D:1      | Reached skill level 1 in Staves
  1523 | D:1      | Reached skill level 1 in Slings
  1523 | D:1      | Reached skill level 1 in Bows
  1523 | D:1      | Reached skill level 1 in Crossbows
  1523 | D:1      | Reached skill level 1 in Throwing
  1523 | D:1      | Reached skill level 1 in Armour
  1523 | D:1      | Reached skill level 1 in Shields
  1523 | D:1      | Reached skill level 1 in Unarmed Combat
  1523 | D:1      | Reached skill level 1 in Evocations
  1529 | D:1      | Reached XP level 4. HP: 27/32 MP: 4/11
  1972 | D:2      | Reached skill level 1 in Conjurations
  1972 | D:2      | Reached skill level 1 in Hexes
  1972 | D:2      | Reached skill level 1 in Summonings
  1972 | D:2      | Reached skill level 1 in Necromancy
  1972 | D:2      | Reached skill level 1 in Translocations
  1972 | D:2      | Reached skill level 1 in Transmutations
  1972 | D:2      | Reached skill level 1 in Fire Magic
  1972 | D:2      | Reached skill level 1 in Air Magic
  1972 | D:2      | Reached skill level 1 in Earth Magic
  1972 | D:2      | Reached skill level 1 in Poison Magic
  2419 | D:1      | Bought a potion of degeneration for 13 gold pieces
  2699 | D:3      | Noticed Ijyb
  2711 | D:3      | Killed Ijyb
  2712 | D:3      | Reached XP level 5. HP: 27/37 MP: 9/12
  2948 | D:1      | Bought a potion of heal wounds for 65 gold pieces
  2991 | D:3      | Identified the +1 ring mail of Action {Contam rPois Str+4}
  3056 | D:3      | Noticed Terence
  3064 | D:3      | Killed Terence
  3443 | D:3      | Reached XP level 6. HP: 44/44 MP: 9/13
  3524 | D:3      | Found a runed translucent door.
  3525 | D:3      | Noticed Crazy Yiuf
  3537 | D:3      | Mangled by Crazy Yiuf

Illustrated notes

Levels and vault maps discovered:
D:1:      dpeg_arrival_caged_fury, layout_loops_ring, serial_shops,
          nicolae_shop_stone, ebering_ecumenical_altar_petrified
D:2:      layout_loops_ring
D:3:      layout_basic, st_stairs_5, kennysheep_generic_room_10,
          uniq_crazy_yiuf_cottage, uniq_terence, uniq_ijyb

Skill      XL: |  1  2  3  4 |
---------------+-------------+-----
Spellcasting   | 5 |  5.2
Invocations    | 1 |  1.9
Fighting       | 1 |  1.7
Short Blades   | 1 |  1.7
Long Blades    | 1 |  1.7
Axes           | 1 |  1.7
Maces & Flails | 1 |  1.7
Polearms       | 1 |  1.7
Staves         | 1 |  1.7
Slings         | 1 |  1.7
Bows           | 1 |  1.7
Crossbows      | 1 |  1.7
Throwing       | 1 |  1.7
Armour         | 1 |  1.7
Shields        | 1 |  1.7
Unarmed Combat | 1 |  1.7
Evocations     | 1 |  1.7
Conjurations   | 1 |  1.3
Hexes          | 1 |  1.3
Summonings     | 1 |  1.3
Necromancy     | 1 |  1.3
Translocations | 1 |  1.3
Transmutations | 1 |  1.3
Fire Magic     | 1 |  1.3
Air Magic      | 1 |  1.3
Earth Magic    | 1 |  1.3
Poison Magic   | 1 |  1.3
Dodging        | |  4.9
Stealth        | |  4.5
Ice Magic      | |  7.2

Action                   |  1- 3 |  4- 6 || total
-------------------------+-------+-------++-------
Melee: Dagger            |     5 |       ||     5
       Mace              |    52 |    28 ||    80
       Bite              |     2 |     5 ||     7
       Punch             |     1 |     3 ||     4
       Rapier            |       |    46 ||    46
Throw: Dart              |       |     3 ||     3
 Cast: Freeze            |    15 |     2 ||    17
       Frozen Ramparts   |     2 |    10 ||    12
 Stab: Sleeping          |     4 |     5 ||     9
Armor: Robe              |    15 |    10 ||    25
Dodge: Dodged            |    48 |    42 ||    90
